 Dungeon Crawl Stone Soup version 0.28-a0-245-g639a1a48b9 (webtiles) character file.

Game seed: 4971606632968426689

301 PentaManta the Ruffian (level 6, -3/51 HPs)
             Began as a Ghoul Abyssal Knight on Aug 25, 2021.
             Was a Priest of Lugonu.
             Slain by an ogre (20 damage)
             ... on level 4 of the Dungeon.
             The game lasted 00:07:27 (4654 turns).

PentaManta the Ruffian (Ghoul Abyssal Knight)       Turns: 4654, Time: 00:07:28

Health: -3/51      AC:  8    Str: 18    XL:     6   Next: 37%
Magic:  3/6        EV: 10    Int:  7    God:    Lugonu [***...]
Gold:   160        SH:  0    Dex:  8    Spells: 5/5 levels left

rFire   . . .      SeeInvis .     - Unarmed
rCold   + . .      Faith    .   (no shield)
rNeg    + + +      Spirit   .   c - +0 ring mail
rPois   ∞          Reflect  .   q - +1 hat
rElec   .          Harm     .   s - +0 cloak
rCorr   .          Rampage  .   (no gloves)
Will    .....                   r - +0 pair of boots
Stlth   ..........              (no amulet)
HPRegen 0.00/turn               (no ring)
MPRegen 0.10/turn               (no ring)

@: inhibited regen
A: claws 1, cold resistance 1, negative energy resistance 3, inhibited
regeneration, torment resistance 2
a: Renounce Religion, Depart the Abyss, Bend Space, Banish


You were on level 4 of the Dungeon.
You worshipped Lugonu.
Lugonu was most pleased with you.
You visited 2 branches of the dungeon, and saw 6 of its levels.
You visited the Abyss 1 time.
You also visited: Sewer.

You collected 160 gold pieces.

Inventory:

Missiles
 u - 11 poisoned darts (quivered)
Armour
 c - a +0 ring mail (worn)
 g - a +0 pair of gloves
 h - a +0 plate armour
 q - a +1 hat (worn)
 r - a +0 pair of boots (worn)
 s - a +0 cloak (worn)
Scrolls
 e - a scroll of enchant weapon {unknown}
 k - a scroll of enchant armour {unknown}
 l - a scroll of acquirement {unknown}
 m - a scroll of fear {unknown}
 n - a scroll of magic mapping {unknown}
 o - a scroll of fog {unknown}
 p - a scroll of noise {unknown}
 v - a scroll of blinking {unknown}
Potions
 a - a potion of might
 b - a potion of degeneration {unknown}
 d - a potion of curing {unknown}
 f - 2 potions of haste {unknown}
 i - a potion of attraction {unknown}
 j - a potion of resistance {unknown}
 t - a potion of heal wounds {unknown}


   Skills:
 - Level 3.2 Fighting
 - Level 1.7 Armour
 - Level 0.8 Dodging
 + Level 7.2 Unarmed Combat
 - Level 2.0 Invocations


You had 5 spell levels left.
You didn't know any spells.
Your spell library contained the following spells:

 Spells                   Type           Power      Damage    Failure   Level
 Animate Skeleton         Necr           0%         N/A       63%         1
 Apportation              Tloc           0%         N/A       63%         1
 Corona                   Hex            0%         N/A       63%         1
 Summon Small Mammal      Summ           0%         N/A       63%         1


Dungeon Overview and Level Annotations

Branches:
Dungeon (5/15)             Temple (1/1) D:4           Sewer (visited)

Altars:
Ashenzari
Elyvilon
Fedhas
Gozag
Hepliaklqana
Makhleb
Nemelex Xobeh
Okawaru
Qazlal
Ru
Sif Muna
Trog
Uskayaw
Vehumet
Wu Jian
Zin
The Shining One

Shops:
D:4 [   D:5 [


Innate Abilities, Weirdness & Mutations

You thrive by killing the living.
You are immune to poison.
You have sharp fingernails.
Your flesh is cold resistant. (rC+)
You are immune to negative energy. (rN+++)
You do not regenerate when monsters are visible.
You are immune to unholy pain and torment.


Message History

The bullfrog zombie hits you.
There is a stone staircase leading up here.
The bullfrog zombie misses you.
The ogre hits you with a +0 giant club!!
The bullfrog zombie completely misses you.
You climb upwards.
There is a stone staircase leading down here.
The ogre closely misses you.
There is an open door here.
You fail to use your ability.
The ogre closely misses you. Space bends around you!
You blink.
There is a fountain of clear blue water here.
Press: ? - help, Shift-Dir - straight line, f - ogre
Aim: an ogre, wielding a +0 giant club (chance to affect: 81%)
You fail to use your ability.
Press: ? - help, Shift-Dir - straight line, f/p - ogre
Aim: an ogre, wielding a +0 giant club (chance to affect: 81%)
You fail to use your ability.
Space bends around you!
You blink.
Press: ? - help, Shift-Dir - straight line, f/p - ogre
Aim: an ogre, wielding a +0 giant club (chance to affect: 81%)
You fail to use your ability.
Press: ? - help, Shift-Dir - straight line, f/p - ogre
Aim: an ogre, wielding a +0 giant club (chance to affect: 81%)
You fail to use your ability.
Space bends around you!
You blink.
Okay, then.
Press: ? - help, Shift-Dir - straight line, f/p - ogre
Aim: an ogre, wielding a +0 giant club (chance to affect: 81%)
You fail to use your ability.
Press: ? - help, Shift-Dir - straight line, f/p - ogre
Aim: an ogre, wielding a +0 giant club (chance to affect: 81%)
You fail to use your ability.
Okay, then.
Unknown command.
Okay, then.
Unknown command.
Space bends around you!
You blink.
The ogre hits you with a +0 giant club!!
You die...

#....................
#....................
#.................)..
####'##.####...##....
#.##.####....#####
#...........⌠.⌠...
#............∩....
#...........⌠.⌠...
#@...........#....
#.O..........#....
#.§..........#....
#..........).#....
#....##...########
#####+##...####....
#......#...........
#......#...........
#......#...........


You could see an ogre.

Vanquished Creatures
  A bullfrog skeleton (D:3)
  An iguana (D:4)
  4 gnolls
  6 adders
  7 river rats
  An adder skeleton (D:4)
  4 worms
  3 orcs
  11 ball pythons
  8 endoplasms
  5 giant cockroaches
  2 goblins (D:1)
  4 hobgoblins
  8 kobolds
  2 quokkas
  4 bats
  7 frilled lizards
  11 rats
89 creatures vanquished.

Notes
Turn   | Place    | Note
-------+----------+-------------------------------------------
     0 | Abyss:1  | PentaManta the Ghoul Abyssal Knight began the quest for the
                  | Orb.
     0 | Abyss:1  | Reached XP level 1. HP: 19/19 MP: 1/1
    36 | Abyss:1  | Noticed a neqoxec
    37 | D:1      | Escaped the Abyss
   203 | D:1      | Reached * piety under Lugonu
   262 | D:1      | Reached XP level 2. HP: 26/26 MP: 2/2
   305 | D:1      | Reached skill level 3 in Unarmed Combat
   724 | D:1      | Reached skill level 4 in Unarmed Combat
   724 | D:1      | Reached XP level 3. HP: 14/31 MP: 3/3
  1032 | D:2      | Reached XP level 4. HP: 19/38 MP: 4/4
  1347 | D:2      | Reached skill level 5 in Unarmed Combat
  1815 | D:2      | Found a faded altar of an unknown god.
  2199 | D:3      | Reached ** piety under Lugonu
  2238 | D:3      | Reached XP level 5. HP: 17/45 MP: 5/5
  2272 | D:3      | Found a glowing drain.
  2276 | Sewer    | Entered a sewer
  2497 | Sewer    | Reached skill level 6 in Unarmed Combat
  2870 | Sewer    | Reached XP level 6. HP: 50/51 MP: 6/6
  3782 | D:3      | Found a sparkling altar of Nemelex Xobeh.
  3783 | D:3      | Found a bloodstained altar of Trog.
  3784 | D:3      | Found a radiant altar of Vehumet.
  3786 | D:3      | Found an ornate altar of the Wu Jian Council.
  3787 | D:3      | Found a stormy altar of Qazlal.
  3846 | D:4      | Reached skill level 7 in Unarmed Combat
  4067 | D:4      | Found a staircase to the Ecumenical Temple.
  4114 | D:4      | Reached *** piety under Lugonu
  4140 | Temple   | Entered the Ecumenical Temple
  4272 | D:4      | Found Suneb's Armour Emporium.
  4502 | D:5      | Entered Level 5 of the Dungeon
  4502 | D:5      | Found Weuhywac's Antique Armour Shop.
  4654 | D:4      | Slain by an ogre

Illustrated notes

Levels and vault maps discovered:
D:1:      matt_arrival_los_fun, layout_basic, palyth_stone_intersect,
          dk_noncrumbling_2
D:2:      layout_loops_cross, chequers_ecumenical_altar_grove
D:3:      layout_basic, minitemple, tso_metal_star, gup_sewer_entry_bowl,
          minmay_stone_trees_small, minmay_misc_feat_columns
D:4:      layout_gridville, minmay_temple_entry_nine_rooms, serial_shops,
          shop_fountains
D:5:      layout_basic, serial_shops, nicolae_stop_n_shop_2,
          kennysheep_generic_room_3
Temple:   eino_temple_lava

Skill      XL: |  1  2  3  4  5  6 |
---------------+-------------------+-----
Unarmed Combat | 4 5 6 7 |  7.2
Fighting       | |  3.2
Armour         | |  1.7
Dodging        | |  0.8
Invocations    | |  2.0

Action                   |  1- 3 |  4- 6 || total
-------------------------+-------+-------++-------
Melee: Unarmed           |    74 |   244 ||   318
       Punch             |     1 |     6 ||     7
Invok: Depart the Abyss  |     1 |       ||     1
       Bend Space        |       |     5 ||     5
  Use: Scroll            |       |     3 ||     3
       Potion            |       |     1 ||     1
Armor: Leather armour    |     6 |       ||     6
       Ring mail         |    27 |    71 ||    98
       Plate armour      |       |     1 ||     1
Dodge: Dodged            |    37 |   105 ||   142

Table legend: (Time is in decaauts)
 A = Elapsed time spent in this place.
 B = Non-inter-level travel time spent in this place.
 C = Inter-level travel time spent in this place.
 D = Time resting spent in this place.
 E = Time spent auto-exploring this place.
 F = Levels seen in this place.
 G = Mean time per level.
                   A        B        C        D        E       F      G
               +--------+--------+--------+--------+--------+-----+--------+
         Total |   4687 |   4558 |    129 |    936 |   2620 |   8 |  585.9 |
       Dungeon |   3712 |   3583 |    129 |    772 |   2004 |   5 |  742.4 |
        Temple |     73 |     73 |      0 |      0 |     62 |   1 |   73.0 |
         Abyss |     37 |     37 |      0 |      0 |     36 |   1 |   37.0 |
         Sewer |    863 |    863 |      0 |    164 |    518 |   1 |  863.0 |
               +--------+--------+--------+--------+--------+-----+--------+

Top non-repeatable levels by time:
     D:2: 1034 daAuts
     D:3: 973 daAuts
     D:1: 941 daAuts
   Sewer: 863 daAuts
     D:4: 756 daAuts
  Temple: 73 daAuts
 Abyss:1: 37 daAuts
     D:5: 7 daAuts
